 Dungeon Crawl Stone Soup version 0.20.1-1-g8b1a95d (webtiles) character file.

2237 letownia2 the Reanimator (level 9, -11/81 HPs)
             Began as a Deep Dwarf Necromancer on Nov 5, 2017.
             Was an Initiate of Gozag.
             Killed from afar by a gargoyle (28 damage)
             ... with a stone arrow
             ... on level 7 of the Dungeon.
             The game lasted 00:19:17 (6447 turns).

letownia2 the Reanimator (Deep Dwarf Necromancer)   Turns: 6447, Time: 00:19:18

Health: -11/81     AC:  7    Str: 13    XL:     9   Next: 14%
Magic:  18/18      EV: 12    Int: 21    God:    Gozag
Gold:   563        SH:  0    Dex: 15    Spells: 16/20 levels left

rFire    + + .     SeeInvis .   B - +4 Vampire's Tooth {vamp}
rCold    . . .     Gourm    .   (no shield)
rNeg     . . .     Faith    .   w - +0 leather armour of Bineashu {rPois rF++ Dex+2 Stlth+} (curse)
rPois    +         Spirit   .   u - +2 helmet {Int+3}
rElec    .         Reflect  .   (no cloak)
rCorr    .         Harm     .   q - +0 pair of gloves
MR       +....                  (no boots)
Stlth    +++.......             (no amulet)
Regen    0.0/turn               y - ring of poison resistance
MPRegen  0.2/turn               (no ring)

@: gold aura, non-regenerating, drained
A: damage resistance, heal wounds, sense surroundings 2, no regeneration
a: Heal Wounds, Potion Petition, Call Merchant, Bribe Branch, Renounce Religion


You were on level 7 of the Dungeon.
You worshipped Gozag.
Gozag was pleased with you.
You were not hungry.

You visited 2 branches of the dungeon, and saw 8 of its levels.

You collected 638 gold pieces.
You paid 75 gold pieces to Gozag.

Inventory:

Hand Weapons
 a - a +1 short sword of venom
 s - a +0 war axe
 A - a +0 hand axe
 B - the +4 Vampire's Tooth (weapon) {vamp}
   (You found it on level 6 of the Dungeon)

   It inflicts no extra harm, but heals its wielder when it wounds a living foe.
 E - a +0 war axe
 G - a +2 dagger of venom
 I - the +11 dagger of Efiol {drain, *Drain rElec MR++ Str+2, unknown}
   (You found it on level 7 of the Dungeon)

   A truly terrible weapon, it drains the life of those it strikes.
   It affects your strength (+2).
   It insulates you from electricity.
   It affects your resistance to hostile enchantments.
   It causes draining when unequipped.
 Q - a +2 halberd of venom
 R - a +1 dagger of venom
 S - a +1 dagger of venom
Missiles
 j - 4 tomahawks (quivered)
Armour
 p - a +0 chain mail
 q - a +0 pair of gloves (worn)
 u - a +2 helmet of intelligence (worn)
 v - a +0 ring mail
 w - the cursed +0 leather armour of Bineashu (worn) {rPois rF++ Dex+2 Stlth+}
   (You found it on level 5 of the Dungeon)

   It affects your dexterity (+2).
   It greatly protects you from fire.
   It protects you from poison.
   It makes you more stealthy.
   It has a curse placed upon it.
 F - a +2 plate armour of poison resistance
Jewellery
 k - an uncursed amulet of harm
 y - a ring of poison resistance (left hand)
 H - the ring of the Butterfly {rElec MP+9 Slay-4 SInv}
   (You found it on level 7 of the Dungeon)

   [ring of magical power]

   It affects your accuracy and damage with ranged weapons and melee attacks
   (-4).
   It insulates you from electricity.
   It affects your magic capacity (+9).
   It lets you see invisible.
 P - an uncursed ring of protection from cold
Wands
 r - a wand of flame (24/48)
 C - a wand of polymorph (12/24)
Scrolls
 d - 4 scrolls of identify
 h - a scroll of teleportation
 l - 3 scrolls of fog {unknown}
 m - 4 scrolls of fear {unknown}
 n - 2 scrolls of enchant armour {unknown}
 x - 5 scrolls of recharging {unknown}
 J - 2 scrolls of remove curse {unknown}
 M - 2 scrolls of blinking {unknown}
 O - a scroll of amnesia {unknown}
Potions
 e - a potion of agility {unknown}
 g - 5 potions of curing {unknown}
 i - 3 potions of mutation {unknown}
 o - a potion of invisibility {unknown}
 t - a potion of lignification
 z - a potion of haste {unknown}
 D - a potion of flight {unknown}
 L - a potion of ambrosia {unknown}
 N - 2 potions of degeneration {unknown}
 T - a potion of magic {unknown}
 U - a potion of might {unknown}
Books
 b - a book of Necromancy

   Spells                             Type                      Level
   a - Pain                           Necromancy                   1
   b - Animate Skeleton               Necromancy                   1
   c - Vampiric Draining              Necromancy                   3
   d - Regeneration                   Charms/Necromancy            3
   e - Animate Dead                   Necromancy                   4
   f - Control Undead                 Necromancy                   4
Comestibles
 c - 2 bread rations
 f - 7 meat rations
 K - 3 fruits


   Skills:
 + Level 5.2(4.8) Fighting
 - Level 2.7(2.3) Armour
 - Level 2.1(1.8) Dodging
 - Level 2.4(2.0) Stealth
 - Level 6.0(5.6) Spellcasting
 - Level 9.4(8.9) Necromancy


You had 16 spell levels left.
You knew the following spells:

 Your Spells              Type           Power        Failure   Level  Hunger
a - Pain                  Necr           ####         1%          1    None
v - Vampiric Draining     Necr           #####.....   1%          3    ##.....


Dungeon Overview and Level Annotations

Branches:
Dungeon (7/15)             Temple (1/1) D:7

Altars:
Ashenzari
Elyvilon
Gozag
Kikubaaqudgha
Nemelex Xobeh
Sif Muna
Uskayaw
Zin

Shops:
D:5 [

Annotations:
D:3 letownia2's ghost, weakling DDNe
D:6 Fauxtato86's ghost, novice HOFi; Pikel
D:7 1 exclusion


Innate Abilities, Weirdness & Mutations

You are resistant to damage.
You can heal yourself by infusing magical energy.
You passively map the area around you.
You do not regenerate.


Message History

The gargoyle hurls a stone arrow at you.
The stone arrow misses you.
The stone arrow hits the crimson imp.
The crimson imp dies!
You hit the gargoyle but do no damage.
The gargoyle hurls a stone arrow at you.
The stone arrow hits you!
You hit the gargoyle but do no damage.
The gargoyle hits you with a morningstar!
You are too injured to fight recklessly!
You are too injured to fight recklessly!
Unknown command.
Unknown command.
Unknown command.
The gargoyle hurls a stone arrow at you.
The stone arrow hits you!
* * * LOW HITPOINT WARNING * * *
The gargoyle hurls a stone arrow at you.
The stone arrow hits you!
You die...
Your body crumbles into a pile of gold.

#.####.# #.# #.# #.# #.#
#.####)### #....#)..#
#....###)#####
#....###.....#
####....).....#.#### ,
#(......#.@<.......#
#.###...#.##..#.##.#
######.###.(.#.#...#.##.#
o.......>##.$..9#.#.#.##.#
.######.........#...#.##.#
,,..#.........######.##.#
##.#.##......#......##.#
#.........##.#.###.....#
#.....#.#..#.#.# #.#####


You could see a gargoyle.

Vanquished Creatures
  Sigmund (D:6)
  An ice beast (D:6)
  2 sky beasts (D:5)
  3 orc warriors
  A centaur (D:6)
  2 ogres
  3 bullfrogs (D:6)
  2 scorpions
  2 vampire bats (D:6)
  A centaur zombie (D:6)
  A crimson imp (D:6)
  5 orc priests
  4 hounds
  4 orc wizards
  Natasha (twice) (D:2)
  3 iguanas
  5 worker ants
  Robin (D:2)
  10 gnolls
  3 adders
  3 oozes
  A dart slug (D:1)
  4 leopard geckos
  10 orcs
  2 ball pythons (D:2)
  8 bats
  5 giant cockroaches
  14 goblins
  6 hobgoblins
  A jackal (D:7)
  6 quokkas
  6 frilled lizards
  2 kobolds (D:2)
  A quokka skeleton (D:6)
  5 rats
  A bush (D:6)
131 creatures vanquished.

Vanquished Creatures (others)
  A crimson imp (D:7)
  10 bushes (D:6)
11 creatures vanquished.

Grand Total: 142 creatures vanquished

Notes
Turn   | Place    | Note
-------+----------+-------------------------------------------
     0 | D:1      | letownia2 the Deep Dwarf Necromancer began the quest for the Orb.
     0 | D:1      | Reached XP level 1. HP: 15/15 MP: 3/3
     6 | D:1      | Noticed a basilisk
     6 | D:1      | Noticed a soldier ant
     7 | D:1      | Noticed a yaktaur captain
   327 | D:1      | Reached XP level 2. HP: 22/22 MP: 1/5
   579 | D:3      | Reached skill level 5 in Necromancy
   580 | D:3      | Noticed letownia2's ghost (weakling DDNe)
   640 | D:4      | Reached XP level 3. HP: 25/28 MP: 1/6
   645 | D:4      | Learned a level 3 spell: Vampiric Draining
   767 | D:4      | Found a transporter.
   792 | D:4      | Found a white marble altar of Elyvilon.
   806 | D:4      | Found a transporter.
  1148 | D:4      | Reached XP level 4. HP: 32/36 MP: 3/8
  1176 | D:4      | Found a hide-covered altar of Uskayaw.
  1370 | D:5      | Entered Level 5 of the Dungeon
  1568 | D:5      | Found a sparkling altar of Nemelex Xobeh.
  1633 | D:5      | Got an ichor-stained leather armour
  1644 | D:5      | Identified the cursed +0 leather armour of Bineashu {rPois rF++ Dex+2 Stlth+} (You found it on level 5 of the Dungeon)
  1689 | D:5      | Noticed an ogre
  1696 | D:5      | Killed an ogre
  1696 | D:5      | Reached skill level 6 in Necromancy
  1696 | D:5      | Reached XP level 5. HP: 38/42 MP: 3/9
  1837 | D:5      | Found Jari's Antique Armour Emporium.
  1858 | D:5      | Noticed a sky beast
  1910 | D:5      | Killed a sky beast
  1910 | D:5      | Reached skill level 7 in Necromancy
  1910 | D:5      | Reached XP level 6. HP: 45/49 MP: 4/10
  2017 | D:5      | Noticed a sky beast
  2025 | D:5      | Killed a sky beast
  2158 | D:6      | Noticed an ice beast
  2177 | D:6      | Killed an ice beast
  2177 | D:6      | Reached skill level 8 in Necromancy
  2177 | D:6      | Reached XP level 7. HP: 42/55 MP: 2/11
  2269 | D:6      | Reached skill level 1 in Fighting
  2505 | D:6      | Noticed Fauxtato86's ghost (novice HOFi)
  2535 | D:6      | Found a shattered altar of Ashenzari.
  2589 | D:6      | Reached skill level 9 in Necromancy
  2770 | D:6      | Noticed Sigmund
  2777 | D:6      | Killed Sigmund
  2806 | D:6      | Reached XP level 8. HP: 58/69 MP: 5/13
  3001 | D:6      | Found a deep blue altar of Sif Muna.
  3167 | D:6      | Noticed Pikel
  3333 | D:6      | Reached skill level 5 in Spellcasting
  3882 | D:7      | Reached skill level 1 in Armour
  3892 | D:7      | Got a brightly glowing iron ring
  3894 | D:7      | Identified the ring of the Butterfly {rElec MP+9 Slay-4 SInv} (You found it on level 7 of the Dungeon)
  3925 | D:7      | Got an ancient dagger
  3970 | D:7      | Found a staircase to the Ecumenical Temple.
  3979 | Temple   | Entered the Ecumenical Temple
  4051 | Temple   | Became a worshipper of Gozag Ym Sagoz the Greedy
  4816 | D:2      | Noticed Natasha
  4823 | D:2      | Killed Natasha
  4863 | D:2      | Noticed Natasha
  4868 | D:2      | Killed Natasha
  5160 | D:2      | Noticed Robin
  5203 | D:2      | Killed Robin
  5937 | D:4      | Gained mutation: You passively map the area around you. [Deep Dwarf growth]
  5937 | D:4      | Reached XP level 9. HP: 77/78 MP: 18/18
  6326 | D:6      | Found an ancient bone altar of Kikubaaqudgha.
  6392 | D:7      | Reached skill level 5 in Fighting
  6430 | D:7      | Noticed a gargoyle
  6447 | D:7      | Killed from afar by a gargoyle

Skill      XL: |  1  2  3  4  5  6  7  8  9 |
---------------+----------------------------+-----
Spellcasting   | 2 3 6 |  6.0
Necromancy     | 5 6 7 8 9 |  9.4
Fighting       | 3 4 5 |  5.2
Armour         | 2 |  2.7
Dodging        | |  2.1
Stealth        | |  2.4

Action                   |  1- 3 |  4- 6 |  7- 9 || total
-------------------------+-------+-------+-------++-------
Melee: Unarmed           |     2 |       |     1 ||     3
       Short sword       |       |       |   117 ||   117
       Dagger            |       |       |   245 ||   245
Throw: Tomahawk          |     2 |     7 |     3 ||    12
 Cast: Pain              |    41 |    42 |   119 ||   202
       Vampiric Draining |       |     3 |    33 ||    36
  Use: Scroll            |       |       |     2 ||     2
 Stab: Sleeping          |       |       |     7 ||     7
       Distracted        |       |       |     1 ||     1
  Eat: Chunk             |     1 |     4 |     7 ||    12
       Fruit             |       |       |     7 ||     7
       Royal jelly       |       |       |     2 ||     2
       Bread ration      |       |       |     1 ||     1
Armor: Leather armour    |       |     3 |   240 ||   243
Dodge: Dodged            |     5 |    13 |   402 ||   420
